 Dungeon Crawl Stone Soup version 0.27.1-2-g3b301248ec (webtiles) character file.

Game seed: 17253421361025346290

105 ABBCCCDDDD the Sneak (level 4, -3/29 HPs)
             Began as an Octopode Enchanter on Sept 29, 2021.
             Slain by an ogre (32 damage)
             ... on level 4 of the Dungeon.
             The game lasted 00:02:30 (2640 turns).

ABBCCCDDDD the Sneak (Octopode Enchanter)           Turns: 2640, Time: 00:02:30

Health: -3/29      AC:  1    Str:  7    XL:     4   Next: 83%
Magic:  14/16      EV: 13    Int: 24    God:
Gold:   155        SH:  0    Dex: 12    Spells: 4/7 levels left

rFire    . . .     SeeInvis .   a - +1 dagger
rCold    . . .     Faith    .   (no shield)
rNeg     . . .     Spirit   .   (helmet restricted)
rPois    .         Reflect  .   (no amulet)
rElec    .         Harm     .   g - +6 ring of intelligence
rCorr    +         Rampage  .   i - ring of resist corrosion
Will     .....                  k - ring of magical power
Stlth    ++++......             (no ring)
HPRegen  0.09/turn              (no ring)
MPRegen  0.15/turn              (no ring)
                                (no ring)
                                (no ring)

@: no status effects
A: almost no armour, amphibious, 8 rings, camouflage 1, gelatinous body 1,
(nimble swimmer 1), tentacles
a: no special abilities


You were on level 4 of the Dungeon.
You visited 1 branch of the dungeon, and saw 4 of its levels.

You collected 155 gold pieces.

Inventory:

Hand Weapons
 a - a +1 dagger (weapon)
Jewellery
 g - a +6 ring of intelligence (left tentacle)
 i - a ring of resist corrosion (right tentacle)
 k - a ring of magical power (on tentacle)
Scrolls
 b - 8 scrolls of identify {unknown}
 c - a scroll of vulnerability {unknown}
 d - a scroll of magic mapping {unknown}
 e - a scroll of noise {unknown}
 l - a scroll of fear {unknown}
 m - 2 scrolls of teleportation {unknown}
 n - a scroll of amnesia {unknown}
Potions
 f - 2 potions of curing {unknown}
 h - a potion of heal wounds {unknown}
 j - a potion of lignification {unknown}


   Skills:
 + Level 1.8 Fighting
 + Level 2.0 Short Blades
 - Level 2.0 Dodging
 + Level 4.9 Stealth
 + Level 2.2 Spellcasting
 + Level 3.6 Hexes
 + Level 0.8 Ice Magic


You had 4 spell levels left.
You knew the following spells:

 Your Spells              Type           Power      Damage    Failure   Level
a - Corona                Hex            22%        N/A       2%          1
b - Ensorcelled Hibernat  Hex/Ice        26%        N/A       7%          2

Your spell library contained the following spells:

 Spells                   Type           Power      Damage    Failure   Level
 Confusing Touch          Hex            20%        N/A       8%          3
 Tukima's Dance           Hex            20%        N/A       8%          3
 Dazzling Flash           Conj/Hex       22%        N/A       17%         3


Dungeon Overview and Level Annotations

Branches:
Dungeon (4/15)
 Temple: D:4-7

Altars:

Shops:
D:3 [   D:4 [


Innate Abilities, Weirdness & Mutations

You cannot wear most types of armour.
You are amphibious.
You can wear up to eight rings at the same time.
Your skin changes colour to match your surroundings (Stealth+).
Your rubbery body absorbs attacks. (AC +1, EV +1)
((You are camouflaged near water. (Stealth+)))
You have tentacles for arms and can constrict up to eight enemies at once.


Message History

There is a stone staircase leading up here.
The helpless goblin fails to defend itself.
You impale the goblin!!
You kill the goblin!
No target in view!
A giant cockroach comes into view.
Found a stone staircase leading down.
A giant cockroach is nearby!
Found a stone staircase leading down.
The giant cockroach closely misses you.
You hit the giant cockroach. Your grab misses the giant cockroach.
The giant cockroach is moderately wounded.
The giant cockroach barely misses you.
You hit the giant cockroach.
You kill the giant cockroach!
No target in view!
Found a scroll labelled KISTIA UHIPU.
Found a scroll labelled KISTIA UHIPU.
Found Vizeeth's Armour Boutique.
A ball python comes into view.
You see here a scroll labelled KISTIA UHIPU.
A ball python is nearby!
Found a book of Debilitation.
The ball python hisses angrily.
The ball python closely misses you. x2
You hit the ball python. You grab the ball python. You squeeze the ball python.
You kill the ball python!
You see here a scroll labelled KISTIA UHIPU.
b - 7 scrolls labelled KISTIA UHIPU (gained 1)
You see here a scroll labelled KISTIA UHIPU.
b - 8 scrolls labelled KISTIA UHIPU (gained 1)
Casting: Ensorcelled Hibernation (safe; 7% risk of failure)
Confirm with . or Enter, or press ? or * to list all spells.
Aiming: Ensorcelled Hibernation (safe; 7% risk of failure)
Press: ? - help, Shift-Dir - straight line, f - ogre
Aim: an ogre, wielding a +0 giant club (chance to affect: 44%)
The ogre resists with some effort.
The ogre hits you with a +0 giant club!!
Ouch! That really hurt!
You die...

..## .: ....# #..# #.
....# #..# ##.# ...# .
..# ##...##...##..
##.#####......∩......
#.....#..##..........
###.##.......##..........
......<..### #..........
####..#..#.## #.@O.......
#...)....####.........
#..##.....###..##.....
..... #..........#......
......#####..###........#
##....#.##.#####..>.##.##
...#.........##.........
..##....>............#..
#.................# #


You could see an ogre.

Levels and vault maps discovered:
D:1:      minmay_arrival_checkered_box, layout_basic
D:2:      layout_basic
D:3:      layout_rooms, serial_shops, nicolae_shop_behind_doors, serial_glass,
          glass_columns_a, glass_columns_a
D:4:      layout_cave_pools, nicolae_wu_jian_immortal_techniques,
          minmay_temple_entry_arrows, serial_shops, shop, serial_glass,
          glass_columns_a, glass_columns_b

Notes
Turn   | Place    | Note
-------+----------+-------------------------------------------
     0 | D:1      | ABBCCCDDDD the Octopode Enchanter began the quest for the
                  | Orb.
     0 | D:1      | Reached XP level 1. HP: 11/11 MP: 3/3
    36 | D:1      | Reached XP level 2. HP: 8/18 MP: 5/5
   359 | D:1      | Reached skill level 1 in Fighting
   586 | D:1      | Reached XP level 3. HP: 23/23 MP: 6/6
  1070 | D:2      | Learned a level 2 spell: Ensorcelled Hibernation
  1827 | D:2      | Reached XP level 4. HP: 28/28 MP: 7/7
  2422 | D:3      | Found Biclarad's Antique Armour Boutique.
  2577 | D:4      | Noticed a black bear
  2577 | D:4      | Noticed an ogre
  2627 | D:4      | Found Vizeeth's Armour Boutique.
  2640 | D:4      | Slain by an ogre

Table legend: (Time is in decaauts)
 A = Elapsed time spent in this place.
 B = Non-inter-level travel time spent in this place.
 C = Inter-level travel time spent in this place.
 D = Time resting spent in this place.
 E = Time spent auto-exploring this place.
 F = Levels seen in this place.
 G = Mean time per level.
                   A        B        C        D        E       F      G
               +--------+--------+--------+--------+--------+-----+--------+
         Total |   2627 |   2562 |     65 |    696 |   1457 |   4 |  656.8 |
       Dungeon |   2627 |   2562 |     65 |    696 |   1457 |   4 |  656.8 |
               +--------+--------+--------+--------+--------+-----+--------+

Top non-repeatable levels by time:
     D:2: 999 daAuts
     D:1: 952 daAuts
     D:3: 638 daAuts
     D:4: 37 daAuts

Table legend:
 A = Kills in this place as a percentage of kills in entire the game.
 B = Kills by you in this place as a percentage of kills by you in the entire game.
 C = Kills by friends in this place as a percentage of kills by friends in the entire game.
 D = Other kills in this place as a percentage of other kills in the entire game.
 E = Experience gained in this place as a percentage of experience gained in the entire game.
 F = Experience gained in this place divided by the number of levels of this place that you have seen.
                   A       B       C       D       E      F
               +-------+-------+-------+-------+-------+----------------------
         Total | 100.0 | 100.0 |   N/A |   N/A | 100.0 |  37.8
       Dungeon | 100.0 | 100.0 |   N/A |   N/A | 100.0 |  37.8
               +-------+-------+-------+-------+-------+----------------------

Action                   |  1- 3 |  4- 6 || total
-------------------------+-------+-------++-------
Melee: Dagger            |    79 |    47 ||   126
       Constrict         |    13 |     8 ||    21
       Tentacles         |    15 |     6 ||    21
 Cast: Ensorcelled Hiber |     1 |     3 ||     4
 Stab: Sleeping          |    15 |    12 ||    27
Armor: Skin              |     8 |     2 ||    10
Dodge: Dodged            |    42 |    22 ||    64

Vanquished Creatures
  3 adders
  A worm (D:3)
  2 dart slugs (D:1)
  2 ball pythons
  2 bats
  7 endoplasms
  8 giant cockroaches
  7 goblins
  7 hobgoblins
  6 jackals
  A kobold (D:1)
  6 quokkas
  3 frilled lizards
  6 rats
61 creatures vanquished.
